 Dungeon Crawl Stone Soup version 0.30-a0-29-g142975f185 (webtiles) character file.

Game seed: 2710185962178318105

569 xian the Fruitful (level 7, 0/53 HPs)
             Began as a Demonspawn Fighter on Aug 26, 2022.
             Was a Priest of Fedhas.
             Slain by an acid dragon (4 damage)
             ... on level 5 of the Dungeon.
             The game lasted 00:10:43 (5370 turns).

xian the Fruitful (Demonspawn Fighter)              Turns: 5370, Time: 00:10:44

Health: 0/53       AC: 12    Str: 16    XL:     7   Next: 11%
Magic:  11/11      EV:  9    Int: 11    God:    Fedhas [***...]
Gold:   218        SH: 10    Dex: 13    Spells: 11/11 levels left

rFire   + . .      SeeInvis +    a - +0 rapier
rCold   . . .      Faith    .    c - +0 buckler
rNeg    + . .      Spirit   .    d - +4 scale mail {rPois}
rPois   +          Reflect  +    (helmet unavailable)
rElec   .          Harm     .    w - +0 cloak
rCorr   .          Rampage  .    (no gloves)
Will    .....                    (no boots)
Stlth   ..........               f - amulet of reflection
HPRegen 0.17/turn                u - ring of protection from fire
MPRegen 0.12/turn                C - ring of positive energy

@: no status effects
A: antennae 3, powered by pain 1, demonic magic 1
a: Renounce Religion, Wall of Briars, Grow Ballistomycete


You were on level 5 of the Dungeon.
You worshipped Fedhas.
Fedhas was most pleased with you.
You visited 1 branch of the dungeon, and saw 5 of its levels.

You collected 218 gold pieces.

Inventory:

Hand Weapons
 a - a +0 rapier (weapon)
Missiles
 v - 3 javelins (quivered)
Armour
 c - a +0 buckler (worn)
 d - a +4 scale mail of poison resistance (worn)
 w - a +0 cloak (worn)
Jewellery
 f - an amulet of reflection (around neck)
 u - a ring of protection from fire (left hand)
 C - a ring of positive energy (right hand)
Wands
 y - a wand of polymorph (15)
 A - a wand of flame (13)
Scrolls
 b - a scroll of butterflies {unknown}
 e - 2 scrolls of enchant armour {unknown}
 g - 3 scrolls of summoning {unknown}
 i - 5 scrolls of identify {unknown}
 k - a scroll of enchant weapon {unknown}
 o - a scroll of teleportation {unknown}
 p - a scroll of vulnerability {unknown}
 q - a scroll of torment {unknown}
 s - a scroll of brand weapon {unknown}
 t - 2 scrolls of poison {unknown}
Potions
 h - 3 potions of heal wounds
 j - a potion of cancellation {unknown}
 l - 2 potions of resistance
 m - 3 potions of curing {unknown}
 n - a potion of degeneration {unknown}
 r - a potion of attraction {unknown}
 x - a potion of brilliance {unknown}
 z - a potion of haste {unknown}
 B - 2 potions of lignification {unknown}


   Skills:
 + Level 3.8 Fighting
 + Level 3.5 Short Blades
 + Level 3.5 Armour
 + Level 1.3 Dodging
 + Level 0.3 Stealth
 + Level 3.5 Shields
 * Level 2.8 Spellcasting
 * Level 4.0 Invocations


You had 11 spell levels left.
You didn't know any spells.
Your spell library contained the following spells:

 Spells                   Type           Power      Damage    Failure   Level
 Blink                    Tloc           2%         N/A       88%         2
 Lesser Beckoning         Tloc           1%         N/A       98%         3
 Manifold Assault         Tloc           1%         N/A       100%        5


Dungeon Overview and Level Annotations

Branches:
Dungeon (5/15)             Temple (0/1) D:4

Altars:
Fedhas

Shops:
D:1 [   D:4 *


Innate Abilities, Weirdness & Mutations

You have a pair of large antennae on your head. (SInv)
You sometimes gain a little power by taking damage.
Spells you cast may paralyse adjacent enemies.


Message History

The acid dragon is moderately wounded.
The acid dragon spits acid at you. The splash of acid hits you!
* * * LOW HITPOINT WARNING * * *
You hit the acid dragon.
The acid dragon is moderately wounded.
The acid dragon bites you.
* * * LOW HITPOINT WARNING * * *
You block the acid dragon's attack.
You hit the acid dragon but do no damage.
The acid dragon is moderately wounded.
The acid dragon closely misses you.
The acid dragon claws you but does no damage.
You puncture the acid dragon!
The acid dragon is heavily wounded.
The acid dragon bites you but does no damage.
The acid dragon closely misses you.
You hit the acid dragon.
The acid dragon is severely wounded.
You block the acid dragon's attack. x2; The acid dragon bites you.
* * * LOW HITPOINT WARNING * * *
The acid dragon claws you but does no damage.
Okay, then.
You are too injured to fight recklessly!
Throw: 5 javelins
Press: ? - help, Q - select action, (/) - cycle Shift-Dir - straight line, f - acid dragon
Aim: an acid dragon (severely wounded, 57% to hit)
You throw a javelin.
The javelin barely misses the acid dragon.
The acid dragon barely misses you. You block the acid dragon's attack.
Throw: 4 javelins
Press: ? - help, Q - select action, (/) - cycle Shift-Dir - straight line, f/p - acid dragon
Aim: an acid dragon (severely wounded, 57% to hit)
You throw a javelin.
The javelin pierces through the acid dragon!
The acid dragon is almost dead.
You block the acid dragon's attack. The acid dragon completely misses you.
The acid dragon bites you.
You die...
Fedhas appreciates your contribution to the ecosystem.

...............#
..⌠.....⌠...##.#.#
....._......<....#
..⌠...).⌠...##.###
.............. #
#.#.#.#.#.#.###
......(.....#### ##.
##.......##....####.....
.............@D.....(
......###...####.....
#.### ... # #.# . # #.#
############.#
...........#.#
.##..#.###.#.#
.#.#.#.......#


You could see an acid dragon.

Vanquished Creatures
  A phantom (D:4)
  2 scorpions (D:3)
  An orc priest (D:3)
  Ijyb (D:3)
  Terence (D:3)
  2 orc wizards
  Natasha (thrice) (D:4)
  5 adders
  An ufetubus (D:4)
  An adder skeleton (D:2)
  3 worms (D:2)
  6 dart slugs
  14 orcs
  7 bats
  A bat zombie (D:2)
  4 endoplasms
  A giant cockroach (D:2)
  7 goblins
  8 hobgoblins
  2 jackals (D:5)
  2 quokkas
  8 ball pythons
  2 frilled lizards
  A giant cockroach zombie (D:2)
  A jackal skeleton (D:2)
  8 kobolds
  5 rats
98 creatures vanquished.

Vanquished Creatures (others)
  11 fungi (D:3)
  4 withered plants (D:2)
15 creatures vanquished.

Grand Total: 113 creatures vanquished

Notes
Turn   | Place    | Note
-------+----------+-------------------------------------------
     0 | D:1      | xian the Demonspawn Fighter began the quest for the Orb.
     0 | D:1      | Reached XP level 1. HP: 18/18 MP: 1/1
   247 | D:1      | Found a faded altar of an unknown god.
   259 | D:1      | Prayed at the altar of an unknown god.
   259 | D:1      | Became a worshipper of Fedhas Madash
   259 | D:1      | Reached * piety under Fedhas
   399 | D:1      | Gained mutation: Spells you cast may paralyse adjacent
                  | enemies. [demonic ancestry]
   399 | D:1      | Reached XP level 2. HP: 17/24 MP: 2/2
   857 | D:1      | Found Olodetiq's Antique Armour Boutique.
  1172 | D:2      | Reached skill level 1 in Spellcasting
  1181 | D:2      | Gained mutation: You have a pair of small antennae on your
                  | head. [demonic ancestry]
  1181 | D:2      | Reached XP level 3. HP: 23/29 MP: 4/4
  1549 | D:2      | Reached ** piety under Fedhas
  1966 | D:3      | Noticed Terence
  1972 | D:3      | Reached skill level 1 in Invocations
  1978 | D:3      | Gained mutation: You have a pair of antennae on your head.
                  | [demonic ancestry]
  1978 | D:3      | Reached XP level 4. HP: 35/35 MP: 6/6
  1985 | D:3      | Killed Terence
  1986 | D:3      | Reached skill level 2 in Invocations
  2066 | D:3      | Noticed Ijyb
  2120 | D:3      | Killed Ijyb
  2170 | D:3      | Gained mutation: You have a pair of large antennae on your
                  | head. (SInv) [demonic ancestry]
  2170 | D:3      | Reached XP level 5. HP: 35/41 MP: 7/7
  2585 | D:3      | Reached skill level 1 in Dodging
  2585 | D:3      | Reached skill level 3 in Invocations
  2916 | D:3      | Reached XP level 6. HP: 29/48 MP: 9/9
  3834 | D:4      | Noticed Natasha
  3851 | D:4      | Killed Natasha
  4078 | D:4      | Reached *** piety under Fedhas
  4197 | D:4      | Found a staircase to the Ecumenical Temple.
  4268 | D:4      | Identified the +1 leather armour "Atuiqir" {Int+2 SInv}
  4287 | D:4      | Noticed Natasha
  4318 | D:4      | HP: 1/48 [Natasha (7)]
  4320 | D:4      | Killed Natasha
  4635 | D:4      | Found Aroe's Gadget Gallery.
  4679 | D:4      | Noticed Natasha
  4689 | D:4      | Killed Natasha
  4974 | D:4      | Gained mutation: You sometimes gain a little power by
                  | taking damage. [demonic ancestry]
  4974 | D:4      | Reached XP level 7. HP: 53/53 MP: 11/11
  5268 | D:5      | Entered Level 5 of the Dungeon
  5357 | D:5      | Reached skill level 4 in Invocations
  5370 | D:5      | Slain by an acid dragon

Illustrated notes

Levels and vault maps discovered:
D:1:      dpeg_arrival_connections, layout_loops_cross,
          ebering_ecumenical_altar_webs, serial_shops,
          nicolae_shop_overgrown_old_shop
D:2:      layout_rooms, serial_undead, serial_undead_c, serial_undead_b,
          serial_undead_c, serial_undead_a, serial_undead_e, serial_undead_f
D:3:      layout_loops_corners, dreamdust_mushroom_princess,
          guppyfry_early_orc_mine, uniq_terence, uniq_ijyb
D:4:      nicolae_cairo_tiling_very_big, layout_basic,
          minmay_temple_entry_crystal_x, nicolae_shop_gadgets, uniq_natasha
D:5:      layout_loops_cross, elyvilon_altar_5, uniq_menkaure

Skill      XL: |  1  2  3  4  5  6  7 |
---------------+----------------------+-----
Short Blades   | 2 3 |  3.5
Spellcasting   | 1 2 |  2.8
Armour         | 3 |  3.5
Invocations    | 1 2 3 4 |  4.0
Shields        | 3 |  3.5
Dodging        | 1 |  1.3
Fighting       | |  3.8
Stealth        | |  0.3

Action                   |  1- 3 |  4- 6 |  7- 9 || total
-------------------------+-------+-------+-------++-------
Melee: Rapier            |   167 |   398 |    41 ||   606
Throw: Javelin           |       |       |     2 ||     2
  Use: Potion            |     1 |     1 |     1 ||     3
Armor: Scale mail        |    78 |   189 |    10 ||   277
Dodge: Dodged            |    57 |   151 |    15 ||   223
Block: Buckler           |    30 |   170 |    26 ||   226
       Reflection        |       |     1 |       ||     1

Table legend: (Time is in decaauts)
 A = Elapsed time spent in this place.
 B = Non-inter-level travel time spent in this place.
 C = Inter-level travel time spent in this place.
 D = Time resting spent in this place.
 E = Time spent auto-exploring this place.
 F = Levels seen in this place.
 G = Mean time per level.
                   A        B        C        D        E       F      G
               +--------+--------+--------+--------+--------+-----+--------+
         Total |   5431 |   5304 |    127 |    199 |   3319 |   5 | 1086.2 |
       Dungeon |   5431 |   5304 |    127 |    199 |   3319 |   5 | 1086.2 |
               +--------+--------+--------+--------+--------+-----+--------+

Top non-repeatable levels by time:
     D:3: 1927 daAuts
     D:4: 1449 daAuts
     D:1: 1060 daAuts
     D:2: 890 daAuts
     D:5: 103 daAuts
